 Dungeon Crawl Stone Soup version 0.29-a0-477-g62b78b4225 (webtiles) character file.

Game seed: 2747253027725062686

146 Colgate the Cutter (level 5, -3/32 HPs)
             Began as a Kobold Brigand on May 25, 2022.
             Slain by an orc priest
             ... wielding a +0 whip
              (6 damage)
             ... on level 3 of the Dungeon.
             The game lasted 00:04:59 (3325 turns).

Colgate the Cutter (Kobold Brigand)                 Turns: 3325, Time: 00:04:59

Health: -3/32      AC:  3    Str:  8    XL:     5   Next: 53%
Magic:  5/5        EV: 15    Int: 15    God:
Gold:   163        SH:  0    Dex: 16    Spells: 4/4 levels left

rFire   . . .      SeeInvis .   a - +2 dagger
rCold   . . .      Faith    .   (no shield)
rNeg    . . .      Spirit   .   b - +0 robe
rPois   .          Reflect  .   (no helmet)
rElec   .          Harm     .   c - +0 cloak
rCorr   .          Rampage  .   (no gloves)
Will    .....                   (no boots)
Stlth   ++++......              t - amulet of the acrobat
HPRegen 0.10/turn               (no ring)
MPRegen 0.09/turn               (no ring)

@: no status effects
A: small, no large weapons, nightstalker 3
a: no special abilities


You were on level 3 of the Dungeon.
You visited 1 branch of the dungeon, and saw 3 of its levels.

You collected 163 gold pieces.

Inventory:

Hand Weapons
 a - a +2 dagger (weapon)
Missiles
 d - 20 poisoned darts (quivered)
 e - 3 curare-tipped darts
Armour
 b - a +0 robe (worn)
 c - a +0 cloak (worn)
 v - the +4 ring mail of Discretion {Dex+3}
   (You found it on level 3 of the Dungeon)

   Dex:       It affects your dexterity (+3).
Jewellery
 j - a ring of ice
 t - an amulet of the acrobat (around neck)
Scrolls
 h - 3 scrolls of fog
 l - a scroll of enchant armour {unknown}
 n - a scroll of amnesia {unknown}
 o - a scroll of immolation
 p - a scroll of noise
 q - a scroll of identify {unknown}
 r - a scroll of teleportation {@r3}
 s - a scroll of poison {unknown}
 u - a scroll of acquirement {unknown}
 y - a scroll of fear {unknown}
Potions
 f - 2 potions of resistance {@q5}
 g - 2 potions of curing {unknown}
 i - 2 potions of haste {unknown}
 k - a potion of might {unknown}
 m - 2 potions of heal wounds {unknown}
 w - a potion of brilliance {unknown}
 x - a potion of flight {unknown}


   Skills:
 - Level 3.0 Fighting
 - Level 6.1 Short Blades
 - Level 2.1 Throwing
 - Level 2.3 Dodging
 + Level 5.3 Stealth


You had 4 spell levels left.
You didn't know any spells.
Your spell library contained the following spells:

 Spells                   Type           Power      Damage    Failure   Level
 Summon Small Mammal      Summ           0%         N/A       26%         1
 Call Canine Familiar     Summ           0%         N/A       63%         3
 Ignite Poison            Fire/Tmut/Pois 0%         N/A       63%         3
 Mephitic Cloud           Conj/Pois/Air  0%         N/A       63%         3
 Summon Guardian Golem    Hex/Summ       0%         N/A       63%         3
 Freezing Cloud           Conj/Ice/Air   0%         6-21      100%        5
 Orb of Destruction       Conj           0%         9d5       100%        7
 Spellforged Servitor     Conj/Summ      0%         N/A       100%        7


Dungeon Overview and Level Annotations

Branches:
Dungeon (3/15)

Altars:
Trog


Innate Abilities, Weirdness & Mutations

You are small and have problems with some larger weapons.
You are completely attuned to the shadows.


Message History

Deactivating autopickup; reactivate with Ctrl-A.
The orc priest looks braver for a moment.
You closely miss the orc. The orc completely misses you. The orc misses you.
You bump into the rock wall.
The orc misses you.
You hit the orc.
You feel less confused. The orc attacks as you move away!
The orc completely misses you.
You hit the orc. You hit the orc.
You kill the orc!
You hit something but do no damage. You barely miss something.
The orc priest closely misses you. Something hits you.
The orc completely misses you.
You hit the orc priest but do no damage.
The orc priest looks encouraged for a moment.
Something barely misses you. The orc completely misses you.
You hit the orc priest but do no damage.
You hit the orc priest. The orc priest misses you. Something hits you.
The orc closely misses you.
You hit the orc priest. The orc priest hits you with a +0 whip.
Something hits you. The orc closely misses you.
You hit the orc priest. The orc priest misses you.
You hear some strange, mumbled words.
A magic dart appears from out of thin air!
The magic dart hits you!
The orc hits you from afar with a +0 trident!
* * * LOW HITPOINT WARNING * * *
You hit the orc priest.
You hit the orc priest but do no damage.
The orc priest barely misses you. Something hits you.
* * * LOW HITPOINT WARNING * * *
The orc barely misses you.
You hit the orc priest but do no damage.
The orc priest barely misses you. Something hits you but does no damage.
The orc misses you.
You hit the orc priest but do no damage.
You hit the orc priest but do no damage.
The orc priest hits you with a +0 whip.
You die...

#.#.........#.#.# #.##.#
#.#.......###.#.#####.##.#######
#.#.#+##### #......(.........†.#
#.#.# ####.#.######......# ..#.#
#### #.#.'≈§≈≈#......# ###.#
.$.. #...#≈.>≈#......# #.# ....
##..#≈§⌠≈#......# #.#
....#####..#≈≈≈≈#......## #.#
...o'.oo@..######........ #.#
....#####{........####### #.#
.... ###...##### #.# #### #.#.#
#.########## ###...###
#.##.......# #.......#
#.##.......# #.......#
#.##.......####.......#
#..........+.......>..#


You could see an orc priest and an orc.

Vanquished Creatures
  An orc wizard (D:3)
  4 adders
  3 worms
  3 dart slugs
  3 orcs (D:3)
  4 endoplasms
  2 giant cockroaches
  4 goblins
  7 hobgoblins
  6 jackals
  3 quokkas
  4 ball pythons
  4 bats
  5 frilled lizards
  5 kobolds (D:1)
  9 rats
67 creatures vanquished.

Notes
Turn   | Place    | Note
-------+----------+-------------------------------------------
     0 | D:1      | Colgate the Kobold Brigand began the quest for the Orb.
     0 | D:1      | Reached XP level 1. HP: 12/12 MP: 1/1
    53 | D:1      | Reached skill level 3 in Short Blades
   219 | D:1      | Reached XP level 2. HP: 17/17 MP: 2/2
   288 | D:1      | You fall into a shaft and drop 1 floor!
   337 | D:2      | Reached skill level 4 in Short Blades
   456 | D:1      | Reached XP level 3. HP: 21/21 MP: 3/3
  1278 | D:1      | Reached skill level 5 in Short Blades
  1539 | D:2      | Reached XP level 4. HP: 26/26 MP: 4/4
  1944 | D:3      | Reached skill level 6 in Short Blades
  2149 | D:3      | Reached XP level 5. HP: 31/31 MP: 5/5
  2565 | D:3      | Identified the +4 ring mail of Discretion {Dex+3}
  3292 | D:3      | Found a bloodstained altar of Trog.
  3325 | D:3      | Slain by an orc priest

Illustrated notes

Levels and vault maps discovered:
D:1:      lightli_arrival_chessboard, layout_loops_corners
D:2:      layout_rooms
D:3:      layout_basic, general_overflow_altar, minmay_misc_feat_hallway

Skill      XL: |  1  2  3  4  5 |
---------------+----------------+-----
Short Blades   | 3 4 5 6 |  6.1
Fighting       | 3 |  3.0
Dodging        | 2 |  2.3
Throwing       | |  2.1
Stealth        | |  5.3

Action                   |  1- 3 |  4- 6 || total
-------------------------+-------+-------++-------
Melee: Dagger            |    81 |   107 ||   188
  Use: Scroll            |       |     4 ||     4
       Potion            |       |     1 ||     1
 Stab: Sleeping          |    16 |    14 ||    30
       Distracted        |       |     1 ||     1
Armor: Robe              |     8 |     8 ||    16
Dodge: Dodged            |    30 |    55 ||    85

Table legend: (Time is in decaauts)
 A = Elapsed time spent in this place.
 B = Non-inter-level travel time spent in this place.
 C = Inter-level travel time spent in this place.
 D = Time resting spent in this place.
 E = Time spent auto-exploring this place.
 F = Levels seen in this place.
 G = Mean time per level.
                   A        B        C        D        E       F      G
               +--------+--------+--------+--------+--------+-----+--------+
         Total |   3275 |   3178 |     97 |      0 |   2732 |   3 | 1091.7 |
       Dungeon |   3275 |   3178 |     97 |      0 |   2732 |   3 | 1091.7 |
               +--------+--------+--------+--------+--------+-----+--------+

Top non-repeatable levels by time:
     D:3: 1397 daAuts
     D:1: 1310 daAuts
     D:2: 567 daAuts
